 Dungeon Crawl Stone Soup version 0.28.0 (webtiles) character file.

Game seed: 18391104001311006782

49 HallandMoats the Skirmisher (level 3, 0/33 HPs)
             Began as a Ghoul Monk on Feb 12, 2022.
             Was an Initiate of Ru.
             Slain by a worm (10 damage)
             ... on level 2 of the Dungeon.
             The game lasted 00:01:39 (1899 turns).

HallandMoats the Skirmisher (Ghoul Monk)            Turns: 1899, Time: 00:01:39

Health: 0/33       AC:  2    Str: 14    XL:     3   Next: 75%
Magic:  2/2        EV: 12    Int:  5    God:    Ru [......]
Gold:   72         SH:  0    Dex: 13    Spells: 2/2 levels left

rFire   . . .      SeeInvis .     - Unarmed
rCold   + . .      Faith    .   (no shield)
rNeg    + + +      Spirit   .   a - +0 robe
rPois   ∞          Reflect  .   (no helmet)
rElec   .          Harm     .   (no cloak)
rCorr   .          Rampage  .   (no gloves)
Will    .....                   (no boots)
Stlth   ++........              (no amulet)
HPRegen 0.00/turn               (no ring)
MPRegen 0.08/turn               (no ring)

@: inhibited regen
A: claws 1, cold resistance 1, negative energy resistance 3, inhibited
regeneration, torment resistance 2, disrupted magic 1
a: Renounce Religion


You were on level 2 of the Dungeon.
You worshipped Ru.
Ru was noncommittal.
You visited 1 branch of the dungeon, and saw 2 of its levels.

You collected 72 gold pieces.

Inventory:

Armour
 a - a +0 robe (worn)
Scrolls
 d - 2 scrolls of identify {unknown}
 e - a scroll of enchant weapon {unknown}
Potions
 b - a potion of lignification {unknown}
 c - 3 potions of might {unknown}


   Skills:
 * Level 3.9 Fighting
 + Level 1.0 Armour
 + Level 3.0 Dodging
 - Level 2.1 Stealth
 * Level 3.8 Unarmed Combat
 + Level 0.8 Invocations


You had 2 spell levels left.
You didn't know any spells.
Your spell library contained the following spells:

 Spells                   Type           Power      Damage    Failure   Level
 Freeze                   Ice            0%         1d3       56%         1
 Frozen Ramparts          Ice            0%         1d2       89%         3
 Hailstorm                Conj/Ice       0%         3d3       99%         4


Dungeon Overview and Level Annotations

Branches:
Dungeon (2/15)

Altars:
Ru


Innate Abilities, Weirdness & Mutations

You thrive by killing the living.
You are immune to poison.
You have sharp fingernails.
Your flesh is cold resistant. (rC+)
You are immune to negative energy. (rN+++)
You do not regenerate when monsters are visible.
You are immune to unholy pain and torment.
Your casting is slightly disrupted.


Message History

You are too injured to fight recklessly!
There are monsters nearby!
There are monsters nearby!
The endoplasm quivers.
The worm barely misses you.
There is a stone staircase leading up here.
You climb upwards.
There is a stone staircase leading down here.
You start resting.
HP restored.
You climb downwards.
There is a stone staircase leading up here.
You scratch the worm but do no damage. The worm bites you!
You completely miss the worm. You barely miss the worm.
You barely miss the worm. The worm bites you!
You claw the worm!
The worm is moderately wounded.
The worm bites you!
You are too injured to fight recklessly!
You are too injured to fight recklessly!
You are too injured to fight recklessly!
You are too injured to fight recklessly!
You are too injured to fight recklessly!
You are too injured to fight recklessly!
You are too injured to fight recklessly!
You are too injured to fight recklessly!
You are too injured to fight recklessly!
You are too injured to fight recklessly!
You are too injured to fight recklessly!
You are too injured to fight recklessly!
You are too injured to fight recklessly!
You are too injured to fight recklessly!
You are too injured to fight recklessly!
You are too injured to fight recklessly!
You are too injured to fight recklessly!
You are too injured to fight recklessly!
You are too injured to fight recklessly!
The worm bites you!
You die...

#.......J #.......###
#.........#
#.........#
#.....#...#
#....†#...#
#######...##...
###ww.......#
#.@.######### ###<###
#....# ######
#....###########.....
#......)........÷####
#....#############
#....# #....# ######


You could see 2 worms.

Vanquished Creatures
  An adder (D:2)
  A dart slug (D:2)
  An orc (D:2)
  2 endoplasms
  2 giant cockroaches
  4 goblins
  5 hobgoblins
  2 jackals (D:1)
  2 quokkas (D:1)
  4 ball pythons
  A bat (D:1)
  2 frilled lizards (D:1)
  5 rats
  A spectral hobgoblin (D:1)
33 creatures vanquished.

Notes
Turn   | Place    | Note
-------+----------+-------------------------------------------
     0 | D:1      | HallandMoats the Ghoul Monk began the quest for the Orb.
     0 | D:1      | Reached XP level 1. HP: 19/19 MP: 0/0
   291 | D:1      | Reached XP level 2. HP: 26/26 MP: 1/1
   451 | D:1      | Found a faded altar of an unknown god.
   466 | D:1      | Prayed at the altar of an unknown god.
   466 | D:1      | Became a worshipper of Ru the Awakened
   473 | D:1      | Gained mutation: Your casting is slightly disrupted. [Ru
                  | sacrifice]
  1084 | D:1      | Reached XP level 3. HP: 33/33 MP: 2/2
  1710 | D:2      | Reached skill level 1 in Armour
  1899 | D:2      | Slain by a worm

Illustrated notes

Levels and vault maps discovered:
D:1:      onia_arrival_mini_spirals, layout_basic,
          dreamdust_ecumenical_altar_drowned_temple, hangedman_decor_slide_cut,
          dk_noncrumbling_3
D:2:      layout_rooms

Skill      XL: |  1  2  3 |
---------------+----------+-----
Dodging        | 3 |  3.0
Armour         | 1 |  1.0
Fighting       | |  3.9
Stealth        | |  2.1
Unarmed Combat | |  3.8
Invocations    | |  0.8

Action                   || total
-------------------------++-------
Melee: Unarmed           ||   122
       Punch             ||     2
Invok: Sacrifice Essence ||     1
 Stab: Sleeping          ||     4
Armor: Robe              ||    20
Dodge: Dodged            ||    80
